 Dungeon Sprint DCSS version 0.29-a0-320-g9f8742066b (webtiles) character file.

Game seed: 16749377194902306515

11323 mhtbhm the Bludgeoner (level 11, -4/113 HPs)
             Began as a Minotaur Fighter on Apr 2, 2022.
             Was the Champion of Okawaru.
             Killed by nerve-wracking pain
             ... invoked by an orc priest
              (8 damage)
             ... in the Dungeon (Sprint IX: "|||||||||||||||||||||||||||||").
             The game lasted 00:02:56 (1990 turns).

mhtbhm the Bludgeoner (Minotaur Fighter)            Turns: 1990, Time: 00:02:57

Health: -4/113     AC: 24    Str: 24    XL:     11   Next: 47%
Magic:  19/19      EV: 15    Int:  5    God:    Okawaru [******]
Gold:   665        SH: 10    Dex: 14    Spells: 10/10 levels left

rFire   . . .      SeeInvis .   a - +2 morningstar (protect)
rCold   . . .      Faith    .   c - +3 warlock's mirror {reflect}
rNeg    . . .      Spirit   .   b - +2 ring mail
rPois   .          Reflect  +   z - +1 hat {Stlth+}
rElec   .          Harm     .   o - +0 cloak
rCorr   .          Rampage  .   y - +0 pair of gloves
Will    .....      NoTele   +   n - +0 pair of boots
Stlth   +++.......              (no amulet)
HPRegen 0.28/turn               p - +2 ring of protection
MPRegen 0.16/turn               q - +3 ring of dexterity

@: under a protective aura
A: horns 2, retaliatory headbutt
a: Renounce Religion, Heroism, Finesse


You were in the Dungeon.
You worshipped Okawaru.
Okawaru was exalted by your worship.
You visited 1 branch You collected 665 gold pieces.

Inventory:

Hand Weapons
 a - a +2 morningstar of protection (weapon)
Missiles
 d - a curare-tipped dart (quivered)
Armour
 b - a +2 ring mail (worn)
 c - the +3 warlock's mirror (worn) {reflect}
   (Okawaru gifted it to you in the Dungeon)

   It can block and reflect piercing ranged attacks and magical attacks against
   the wielder's willpower.
 n - a +0 pair of boots (worn)
 o - a +0 cloak (worn)
 y - a +0 pair of gloves (worn)
 z - a +1 hat of stealth (worn)
Jewellery
 p - a +2 ring of protection (left hand)
 q - a +3 ring of dexterity (right hand)
Wands
 m - a wand of iceblast (6)
Scrolls
 j - a scroll of blinking
 l - 2 scrolls of amnesia
 s - 5 scrolls of enchant armour
 t - a scroll of magic mapping
 u - a scroll of fog
 v - 2 scrolls of enchant weapon
 w - a scroll of fear
Potions
 e - a potion of brilliance
 f - 2 potions of might
 g - a potion of haste
 h - 4 potions of magic
 i - 2 potions of berserk rage
 k - 5 potions of curing
 r - 3 potions of heal wounds
 x - a potion of invisibility


   Skills:
 + Level 15.4 Fighting
 + Level 18.4 Maces & Flails
 + Level 13.0 Armour
 + Level 9.7 Dodging
 + Level 4.5 Stealth
 + Level 11.4 Shields
 * Level 12.2 Invocations
 + Level 2.9 Evocations


You had 10 spell levels left.
You didn't know any spells.
Your spell library was empty.

Dungeon Overview and Level Annotations

Branches:
Dungeon (1/1)

Altars:
Cheibriados
Dithmenos
Elyvilon
Fedhas
Gozag
Hepliaklqana
Kikubaaqudgha
Makhleb
Nemelex Xobeh
Okawaru
Qazlal
Ru
Sif Muna
Trog
Uskayaw
Vehumet
Wu Jian
Xom
Yredelemnul
Zin
The Shining One
Beogh
Jiyva
Lugonu


Innate Abilities, Weirdness & Mutations

You have a pair of horns on your head.
You reflexively headbutt those who attack you in melee.


Message History

You block the orc warrior's attack.
You hit the orc warrior but do no damage.
The orc warrior is moderately wounded.
You block the orc warrior's attack.
You barely miss the orc warrior.
The orc warrior is moderately wounded.
You hit the orc warrior.
The orc warrior is moderately wounded.
You block the orc warrior's attack.
You thump the orc warrior! Your headbutt misses the orc warrior.
The orc warrior is almost dead.
The orc warrior hits you but does no damage.
You sock the orc warrior!
You kill the orc warrior!
Okawaru accepts your kill.
The orc warrior hits you but does no damage.
The orc priest calls down the wrath of Beogh upon you.
Beogh smites you!
* * * LOW HITPOINT WARNING * * *
Items here: $ ))) [[[ †.
You hit the orc warrior but do no damage.
Your headbutt misses the orc warrior.
The orc warrior hits you with a +0 war axe.
* * * LOW HITPOINT WARNING * * *
You hit the orc warrior.
The orc warrior is lightly wounded.
The orc warrior misses you.
The orc priest mumbles some strange prayers to Beogh against you.
Beogh smites you!
* * * LOW HITPOINT WARNING * * *
Unknown command.
You hit the orc warrior.
The orc warrior is lightly wounded.
Unknown command.
You impale the orc warrior!!
You kill the orc warrior!
Okawaru accepts your kill.
The orc priest invokes the aid of Beogh against you.
Pain shoots through your body!
You die...

▓_▓.▓÷▓.▓
▓_▓.▓.▓.▓.▓
▓_▓.▓.▓.▓.▓
▓_▓.▓.▓.▓.▓
▓_▓.▓.▓.▓.▓
▓_▓.▓.▓.▓o▓
▓_▓.▓.▓.▓o▓
▓_▓.▓.▓.▓)▓
▓_▓.▓÷▓.▓@▓
▓_▓.▓÷▓.▓)▓
▓_▓.▓.▓.▓)▓
▓_▓.▓÷▓.▓)▓
▓_▓.▓.▓.▓)▓
▓_▓.▓†▓.▓)▓
▓_▓.▓.▓.▓.▓
▓_▓.▓.▓.▓.▓
▓_▓.▓†▓.▓.▓


You could see an orc priest and an orc.

Vanquished Creatures
  Gastronok (D)
  A hydra (D)
  A death yak (D)
  An orc knight (D)
  2 orc sorcerers (D)
  2 cyclopes (D)
  A black mamba (D)
  A rime drake (D)
  5 cane toads (D)
  An unseen horror (D)
  2 komodo dragons (D)
  2 trolls (D)
  A polar bear (D)
  4 blink frogs (D)
  A tyrant leech (D)
  2 shadows (D)
  2 yaks (D)
  A basilisk (D)
  A vampire mosquito (D)
  2 water moccasins (D)
  11 orc warriors (D)
  A phantom (D)
  A kobold brigand (D)
  4 bullfrogs (D)
  A scorpion (D)
  2 gnoll sergeants (D)
  2 orc priests (D)
  3 orc wizards (D)
  An iguana (D)
  An adder (D)
  6 orcs (D)
  2 endoplasms (D)
  A hobgoblin (D)
  2 kobolds (D)
72 creatures vanquished.

Notes
Turn   | Place    | Note
-------+----------+-------------------------------------------
     0 | D        | mhtbhm the Minotaur Fighter began the quest for the Orb.
     0 | D        | Reached XP level 1. HP: 19/19 MP: 0/0
   229 | D        | Noticed a phantom
   229 | D        | Noticed a scorpion
   229 | D        | Noticed an iguana
   231 | D        | Killed an iguana
   232 | D        | Reached skill level 5 in Fighting
   232 | D        | Reached skill level 3 in Maces & Flails
   232 | D        | Reached skill level 5 in Armour
   232 | D        | Reached skill level 5 in Shields
   232 | D        | Reached XP level 2. HP: 7/29 MP: 1/1
   232 | D        | Reached XP level 3. HP: 8/36 MP: 2/2
   241 | D        | Killed a scorpion
   242 | D        | Reached skill level 4 in Maces & Flails
   242 | D        | Reached XP level 4. HP: 32/45 MP: 3/3
   254 | D        | Killed a phantom
   255 | D        | Reached skill level 5 in Maces & Flails
   255 | D        | Reached skill level 1 in Dodging
   255 | D        | Reached XP level 5. HP: 34/53 MP: 4/4
   266 | D        | Found a snail-covered altar of Cheibriados.
   266 | D        | Found a shadowy altar of Dithmenos.
   266 | D        | Found a white marble altar of Elyvilon.
   266 | D        | Found a blossoming altar of Fedhas.
   266 | D        | Found an opulent altar of Gozag.
   267 | D        | Found a hazy altar of Hepliaklqana.
   268 | D        | Found a viscous altar of Jiyva.
   269 | D        | Found an ancient bone altar of Kikubaaqudgha.
   270 | D        | Found a corrupted altar of Lugonu.
   271 | D        | Found a burning altar of Makhleb.
   272 | D        | Found a sparkling altar of Nemelex Xobeh.
   273 | D        | Found an iron altar of Okawaru.
   274 | D        | Found a stormy altar of Qazlal.
   275 | D        | Found a sacrificial altar of Ru.
   276 | D        | Found a shimmering blue altar of Sif Muna.
   277 | D        | Found a bloodstained altar of Trog.
   280 | D        | Found a hide-covered altar of Uskayaw.
   281 | D        | Found a radiant altar of Vehumet.
   282 | D        | Found an ornate altar of the Wu Jian Council.
   283 | D        | Became a worshipper of Warmaster Okawaru
   284 | D        | Found a shimmering altar of Xom.
   285 | D        | Found a basalt altar of Yredelemnul.
   286 | D        | Found a glowing silver altar of Zin.
   287 | D        | Found a glowing golden altar of the Shining One.
   340 | D        | Noticed a shadow
   340 | D        | Noticed an orc warrior
   347 | D        | Reached skill level 1 in Invocations
   351 | D        | Reached skill level 6 in Maces & Flails
   351 | D        | Reached XP level 6. HP: 34/62 MP: 4/7
   369 | D        | Killed an unseen horror
   369 | D        | Reached * piety under Okawaru
   369 | D        | Reached ** piety under Okawaru
   370 | D        | Reached skill level 8 in Maces & Flails
   370 | D        | Reached skill level 10 in Armour
   370 | D        | Reached XP level 7. HP: 22/71 MP: 6/9
   373 | D        | Reached skill level 10 in Fighting
   373 | D        | Reached skill level 5 in Invocations
   376 | D        | Killed a shadow
   377 | D        | Reached skill level 9 in Maces & Flails
   670 | D        | Noticed a troll
   670 | D        | Noticed a cyclops
   670 | D        | Noticed a six-headed hydra
   670 | D        | Noticed a cyclops
   670 | D        | Noticed a troll
   670 | D        | Noticed a shadow
   675 | D        | Killed a shadow
   676 | D        | Reached skill level 1 in Evocations
   676 | D        | Reached XP level 8. HP: 80/80 MP: 11/11
   681 | D        | Killed a troll
   681 | D        | Reached *** piety under Okawaru
   682 | D        | Reached skill level 10 in Maces & Flails
   682 | D        | Reached skill level 5 in Dodging
   686 | D        | Killed a cyclops
   687 | D        | Reached skill level 11 in Maces & Flails
   687 | D        | Reached skill level 1 in Stealth
   692 | D        | Killed a six-headed hydra
   692 | D        | Reached **** piety under Okawaru
   693 | D        | Reached skill level 12 in Maces & Flails
   693 | D        | Reached XP level 9. HP: 30/89 MP: 11/13
   700 | D        | Killed a cyclops
   700 | D        | Reached ***** piety under Okawaru
   701 | D        | Reached skill level 13 in Maces & Flails
   702 | D        | Killed a troll
   827 | D        | Noticed a komodo dragon
   827 | D        | Noticed a cane toad
   827 | D        | Noticed a cane toad
   829 | D        | Noticed a komodo dragon
   832 | D        | Killed a cane toad
   836 | D        | Killed a cane toad
   836 | D        | Received a gift from Okawaru
   844 | D        | Noticed a black mamba
   850 | D        | Killed a komodo dragon
   851 | D        | Reached skill level 14 in Maces & Flails
   855 | D        | Reached XP level 10. HP: 55/97 MP: 14/16
   871 | D        | Killed a black mamba
   872 | D        | Reached skill level 15 in Maces & Flails
   982 | D        | Noticed a death yak
   982 | D        | Noticed a cane toad
   991 | D        | Killed a cane toad
   992 | D        | Reached skill level 10 in Shields
   992 | D        | Reached skill level 10 in Invocations
  1000 | D        | Killed a death yak
  1012 | D        | Reached skill level 16 in Maces & Flails
  1355 | D        | Received a gift from Okawaru
  1355 | D        | Found the +3 warlock's mirror {reflect}
  1436 | D        | Noticed a cane toad
  1436 | D        | Noticed a cane toad
  1446 | D        | Killed a cane toad
  1451 | D        | Killed a cane toad
  1462 | D        | Reached skill level 17 in Maces & Flails
  1470 | D        | Reached XP level 11. HP: 38/108 MP: 18/18
  1738 | D        | Noticed Gastronok
  1755 | D        | Killed Gastronok
  1938 | D        | Noticed an orc sorcerer
  1938 | D        | Noticed an orc knight
  1947 | D        | Killed an orc knight
  1948 | D        | Reached skill level 18 in Maces & Flails
  1953 | D        | Killed an orc sorcerer
  1954 | D        | Reached skill level 15 in Fighting
  1956 | D        | Noticed an orc sorcerer
  1969 | D        | Reached ****** piety under Okawaru
  1977 | D        | Killed an orc sorcerer
  1988 | D        | HP: 3/113 [orc priest/divine providence (13)]
  1990 | D        | Killed from afar by an orc priest

Illustrated notes

Levels and vault maps discovered:
D:        linesprint [early_d, line_temple, items_1, d_10, items_2, lair_1,
          lair_end, items_3, orc_1, orc_end, items_4, d_15, swamp_1, shoals_1,
          snake_1, spider_1, d_20, vaults_1, items_5, swamp_end, shoals_end,
          snake_end, spider_end, vaults_end, d_27, items_6, zot_1, zot_end,
          crypt_end, forest_end, elf_end, slime_end, tomb_end, abyss_end,
          pan_hell_end]

Skill      XL: |  1  2  3  4  5  6  7  8  9 10 11 |
---------------+----------------------------------+-----
Fighting       | 5 6 7 8 9 10 11 12 13 15 | 15.4
Armour         | 5 6 8 9 10 11 12 13 | 13.0
Shields        | 5 6 7 8 9 10 11 | 11.4
Maces & Flails | 3 4 5 6 8 9 12 14 17 18 | 18.4
Dodging        | 1 2 3 4 6 7 8 9 |  9.7
Invocations    | 2 4 6 7 9 11 12 | 12.2
Evocations     | 1 2 |  2.9
Stealth        | 2 3 4 |  4.5

Action                   |  1- 3 |  4- 6 |  7- 9 | 10-12 || total
-------------------------+-------+-------+-------+-------++-------
Melee: Flail             |    20 |    18 |       |       ||    38
       Headbutt          |     7 |     6 |    13 |    47 ||    73
       Morningstar       |       |    25 |    61 |   189 ||   275
Evoke: Wand              |       |       |     4 |       ||     4
  Use: Potion            |     2 |     2 |     2 |       ||     6
       Scroll            |       |       |       |     1 ||     1
 Stab: Invisible         |       |       |     3 |       ||     3
Armor: Scale mail        |     4 |     9 |       |       ||    13
       Ring mail         |       |    25 |    25 |    50 ||   100
Dodge: Dodged            |    14 |    11 |    31 |    46 ||   102
Block: Buckler           |     4 |     7 |    18 |    46 ||    75
       Reflection        |       |       |       |     2 ||     2

Table legend: (Time is in decaauts)
 A = Elapsed time spent in this place.
 B = Non-inter-level travel time spent in this place.
 C = Inter-level travel time spent in this place.
 D = Time resting spent in this place.
 E = Time spent auto-exploring this place.
 F = Levels seen in this place.
 G = Mean time per level.
                   A        B        C        D        E       F      G
               +--------+--------+--------+--------+--------+-----+--------+
         Total |   1951 |   1951 |      0 |   1172 |    106 |   1 | 1951.0 |
       Dungeon |   1951 |   1951 |      0 |   1172 |    106 |   1 | 1951.0 |
               +--------+--------+--------+--------+--------+-----+--------+

Top non-repeatable levels by time:
       D: 1951 daAuts
